 Dungeon Crawl Stone Soup version 0.32-a0-519-g08f29ac1c3 (webtiles) character file.

Game seed: 1660487960946240638

56 Dirtsage the Chopper (level 3, 0/27 HPs)
             Began as a Coglin Gladiator on Feb 27, 2024.
             Blown up by Ijyb (8 damage)
             ... with a mindburst bolt
             ... on level 3 of the Dungeon.
             The game lasted 00:02:05 (1897 turns).

Dirtsage the Chopper (Coglin Gladiator)             Turns: 1897, Time: 00:02:06

Health: 0/27       AC:  7    Str: 16    XL:     3   Next: 97%
Magic:  3/3        EV: 11    Int:  7    God:
Gold:   169        SH:  0    Dex: 15    Spells: 2/2 levels left

rFire   . . .        a - +0 war axe {Lisbeth}
rCold   . . .        h - +0 dagger {Kulveer}
rNeg    . . .        o - +0 ring mail
rPois   .            c - +0 helmet
rElec   .            (no cloak)
rCorr   .            i - +0 pair of gloves
SInv    .            (no boots)
Will    .....        (no amulet)
Stlth   +            (ring unavailable)
HPRegen 0.24/turn    (ring unavailable)
MPRegen 0.08/turn

%: no passive effects
@: no status effects
A: off-hand wielding, slow wielding, warmup strikes, no rings
a: no special abilities


You were on level 3 of the Dungeon.
You visited 1 branch of the dungeon, and saw 3 of its levels.

You collected 169 gold pieces.

Inventory:

Hand Weapons
 a - a +0 war axe (weapon) {Lisbeth}
 h - a +0 dagger (offhand) {Kulveer}
Missiles
 d - 3 throwing nets (quivered)
 e - a javelin
Armour
 b - a +0 leather armour
 c - a +0 helmet (worn)
 i - a +0 pair of gloves (worn)
 o - a +0 ring mail (worn)
Scrolls
 g - 2 scrolls of amnesia {unknown}
 j - 2 scrolls of identify {unknown}
 m - a scroll of poison {unknown}
 n - a scroll of enchant weapon {unknown}
 p - a scroll of enchant armour {unknown}
 r - 4 scrolls of teleportation {unknown}
 s - a scroll of torment {unknown}
Potions
 f - a potion of ambrosia {unknown}
 k - a potion of invisibility {unknown}
 l - a potion of mutation {unknown}
 q - a potion of magic {unknown}
 t - a potion of brilliance {unknown}
 u - a potion of curing {unknown}
 v - 2 potions of berserk rage {unknown}


   Skills:
 - Level 2.0 Fighting
 + Level 4.7 Axes
 - Level 1.7 Throwing
 - Level 2.6 Dodging


You had 2 spell levels left.
You didn't know any spells.
Your spell library contained the following spells:

 Spells                   Type           Power      Damage    Failure   Level
 Cause Fear               Hex            0%         N/A       100%        4
 Fireball                 Conj/Fire      0%         3d3       100%        5
 Dragon's Call            Summ           0%         N/A       100%        9


Dungeon Overview and Level Annotations

Branches:
Dungeon (3/15)

Altars:
Qazlal

Annotations:
D:3 Ijyb


Innate Abilities, Weirdness & Mutations

You can wield a second weapon in your off-hand.
It takes a long time for you to wield or remove held weapons.
Your first few attacks do less damage.
Your grasper-arms cannot wear rings.


Message History

You hit the endoplasm but do no damage.
You hit the endoplasm with your +0 war axe.
The endoplasm hits you but does no damage.
You hit the endoplasm but do no damage.
The endoplasm is almost dead.
You hit the endoplasm with your +0 war axe.
You kill the endoplasm!
No target in view!
You see here a +0 plate armour.
Found a stone staircase leading down.
No target in view!
No target in view!
There is a stone staircase leading down here.
An endoplasm comes into view.
The endoplasm quivers.
The endoplasm freezes you.
You are frozen.
You take 5 damage, and have 22/27 hp.
You slash the endoplasm with your +0 war axe!
You kill the endoplasm!
No target in view!
No target in view!
Found a stormy altar of Qazlal.
Health restored: 27 No target in view!
Found a stone staircase leading down.
No target in view!
No target in view!
There is a stormy altar of Qazlal here.
v - 2 grey potions (gained 1) Ijyb the Inquisitive comes into view.
She is wielding a +0 dagger and carrying a wand of mindburst.
Ijyb shouts!
Okay, then.
Ijyb zaps a wand.
Your mind is blasted!
Ouch! That really hurt!
* * * LOW HITPOINT WARNING * * *
You take 19 damage, and have 8/27 hp.
MASSIVE DAMAGE!!
Ijyb zaps a wand.
Your mind is blasted!
You die...
Ijyb moans, "Good help so hard to find!"

##.##.# #.# #..#
......#####.# #..#
# .............
.... .
.#.########.# #..#
.# ....##.# .#
#..##.
##...#.####.###....
#..............g.
####..####.# #..#
##.####.# #.@#
#...##.# #..#
#.#.##.###..#
#.#....##...#
#.###..#...## ..#
#....§.# #.#
##.....# #.#
#>#._.# #.# #..§.§#


You could see Ijyb.

Vanquished Creatures
  An adder (D:3)
  A dart slug (D:2)
  2 ball pythons (D:1)
  7 endoplasms
  2 giant cockroaches (D:2)
  2 goblins (D:1)
  4 hobgoblins
  3 quokkas
  6 bats
  3 frilled lizards
  6 kobolds
  4 rats
41 creatures vanquished.

Notes
Turn   | Place    | Note
-------+----------+-------------------------------------------
     0 | D:1      | Dirtsage the Coglin Gladiator began the quest for the Orb.
     0 | D:1      | Reached XP level 1. HP: 16/16 MP: 1/1
   189 | D:1      | Reached XP level 2. HP: 22/22 MP: 2/2
   875 | D:2      | Reached skill level 4 in Axes
   929 | D:2      | Reached XP level 3. HP: 27/27 MP: 3/3
  1879 | D:3      | Found a stormy altar of Qazlal.
  1894 | D:3      | Noticed Ijyb
  1897 | D:3      | Blown up by Ijyb

Illustrated notes

Levels and vault maps discovered:
D:1:      minmay_arrival_split_and_join, layout_basic,
          corexii_item_surrounded_by_moat, minivault_14
D:2:      layout_basic
D:3:      layout_basic, mainiacjoe_overflow_tiny_flanked, uniq_ijyb,
          uniq_grinder, uniq_terence

Skill      XL: |  1  2 |
---------------+-------+-----
Axes           | 4 |  4.7
Fighting       | |  2.0
Throwing       | |  1.7
Dodging        | |  2.6

Action                     || total
---------------------------++-------
  Melee: War axe           ||    91
         Dagger            ||    60
   Stab: Sleeping          ||     1
 Armour: Leather armour    ||    24
         Ring mail         ||    29
  Dodge: Dodged            ||    73

Table legend: (Time is in decaauts)
 A = Elapsed time spent in this place.
 B = Non-inter-level travel time spent in this place.
 C = Inter-level travel time spent in this place.
 D = Time resting spent in this place.
 E = Time spent auto-exploring this place.
 F = Levels seen in this place.
 G = Mean time per level.
                   A        B        C        D        E       F      G
               +--------+--------+--------+--------+--------+-----+--------+
         Total |   1914 |   1848 |     66 |      0 |   1566 |   3 |  638.0 |
       Dungeon |   1914 |   1848 |     66 |      0 |   1566 |   3 |  638.0 |
               +--------+--------+--------+--------+--------+-----+--------+

Top non-repeatable levels by time:
     D:1: 864 daAuts
     D:2: 793 daAuts
     D:3: 257 daAuts
